 Dungeon Crawl Stone Soup version 0.23-a0-137-gef0ad6d (webtiles) character file.

526427 Gorice the Sorcerer (level 24, -5/148 HPs)
             Began as a Deep Elf Fire Elementalist on Aug 8, 2018.
             Was the Champion of Vehumet.
             Slain by a juggernaut (30 damage)
             ... on level 3 of the Depths on Aug 29, 2018.
             The game lasted 08:12:49 (65973 turns).

Gorice the Sorcerer (Deep Elf Fire Elementalist)   Turns: 65973, Time: 08:12:53

Health: -5/148     AC: 14    Str:  6    XL:     24   Next: 81%
Magic:  29/52      EV: 29    Int: 38    God:    Vehumet [******]
Gold:   4216       SH:  0    Dex: 15    Spells: 21/69 levels left

rFire    + . .     SeeInvis +   a - staff of fire
rCold    . . .     Gourm    .   (no shield)
rNeg     . . .     Faith    .   s - +2 robe {Archmagi}
rPois    .         Spirit   .   S - +3 crown of Dyrovepreva {rElec Int+2 SInv}
rElec    +         Reflect  .   I - +1 cloak {MR+}
rCorr    .         Harm     .   L - +1 pair of gloves
MR       +++..                  O - +0 pair of boots {Fly}
Stlth    ++........             Q - amulet of magic regeneration
HPRegen  0.34/turn              X - +6 ring of evasion
MPRegen  0.58/turn              T - +4 ring of intelligence

@: drained
A: no striking features
}: 2/15 runes: serpentine, barnacled
a: Renounce Religion, Evoke Flight


You were on level 3 of the Depths.
You worshipped Vehumet.
Vehumet was exalted by your worship.
You were not hungry.

You visited 10 branches of the dungeon, and saw 45 of its levels.
You visited 1 bazaar.
You also visited: Bailey, Ice Cave, Volcano and Wizlab.

You collected 6788 gold pieces.
You spent 2572 gold pieces at shops.

Inventory:

Hand Weapons
 b - a +3 lajatang of electrocution
   (You subdued it on level 2 of the Elven Halls)
 l - a +1 demon blade
Missiles
 Y - 35 poisoned javelins (quivered)
 Z - 4 throwing nets
Armour
 s - a +2 robe of the Archmagi (worn)
   (You took it off an ogre mage on level 1 of the Depths)
 I - a +1 cloak of magic resistance (worn)
   (You took it off Nikola on level 4 of the Snake Pit)
 L - a +1 pair of gloves (worn)
 O - a +0 pair of boots of flying (worn)
   (You bought it in a shop in a bazaar)
 S - the +3 crown of Dyrovepreva (worn) {rElec Int+2 SInv}
   (You bought it in a shop on level 2 of the Orcish Mines)

   It affects your intelligence (+2).
   It insulates you from electricity.
   It lets you see invisible.
Magical Staves
 a - an uncursed staff of fire (weapon)
 E - an uncursed staff of energy
Jewellery
 c - an uncursed ring of protection from cold
 p - an uncursed ring of poison resistance
 x - a +3 amulet of reflection
 C - an uncursed ring of resist corrosion
 F - an uncursed ring of fire
 Q - an amulet of magic regeneration (around neck)
 T - a +4 ring of intelligence (right hand)
 X - a +6 ring of evasion (left hand)
Wands
 h - a wand of paralysis (66)
 n - a wand of digging (12)
 t - a wand of enslavement (10)
 w - a wand of scattershot (5)
 K - a wand of iceblast (10)
 R - a wand of acid (35)
Scrolls
 j - 8 scrolls of fear {!r}
 k - 5 scrolls of magic mapping {!r}
 o - 15 scrolls of teleportation {!r}
 q - 16 scrolls of remove curse
 u - 3 scrolls of blinking
 H - 3 scrolls of fog
 N - 13 scrolls of identify
 W - 2 scrolls of summoning {!r}
Potions
 d - 7 potions of heal wounds {!q}
 e - 19 potions of curing
 f - a potion of flight
 g - 7 potions of resistance {!q}
 v - 7 potions of agility {!q}
 z - 10 potions of haste {!q}
 A - 10 potions of cancellation {!q}
 D - 5 potions of magic {!q}
 G - 5 potions of might {!q}
 P - 3 potions of invisibility {!q}
Miscellaneous
 m - 3 boxes of beasts
Comestibles
 r - 80 rations


   Skills:
 - Level 14.2(13.4) Fighting
 - Level 10.7(10.0) Armour
 - Level 16.0(15.1) Dodging
 - Level 3.0(2.4) Stealth
 + Level 23.3(22.4) Spellcasting
 - Level 23.0(22.0) Conjurations
 + Level 4.4(3.8) Summonings
 + Level 4.7(4.0) Necromancy
 + Level 5.5(4.9) Translocations
 - Level 23.0(22.0) Fire Magic
 + Level 3.5(2.9) Earth Magic
 - Level 8.0(7.3) Evocations


You had 21 spell levels left.
You knew the following spells:

 Your Spells              Type           Power        Failure   Level  Hunger
a - Flame Tongue          Conj/Fire      #####        0%          1    None
b - Throw Flame           Conj/Fire      ######       0%          2    None
c - Conjure Flame         Conj/Fire      ########     0%          3    None
d - Sticky Flame          Conj/Fire      ########     0%          4    None
e - Fireball              Conj/Fire      #########.   0%          5    None
f - Bolt of Magma         Conj/Fire/Erth #########.   1%          5    None
o - Orb of Destruction    Conj           ########..   1%          7    None
s - Stone Arrow           Conj/Erth      ######       0%          3    None
A - Apportation           Tloc           ######       1%          1    None
B - Summon Butterflies    Summ           #######.     1%          1    None
F - Fire Storm            Conj/Fire      #########.   1%          9    ####...
J - Blink                 Tloc           N/A          1%          2    None
R - Regeneration          Chrm/Necr      ######....   1%          3    None
S - Swiftness             Chrm/Air       ######..     1%          2    None

Your spell library contained the following spells:

 Spells                   Type           Power        Failure   Level  Hunger
 Ignition                 Fire           #########.   1%          8    None
 Shatter                  Erth           #######...   100%        9    ####...
 Tornado                  Air            ######....   100%        9    ####...
 Magic Dart               Conj           ####         0%          1    None
 Shock                    Conj/Air       ####         0%          1    None
 Searing Ray              Conj           ######       0%          2    None
 Dazzling Spray           Conj/Hex       ######       0%          3    None
 Inner Flame              Hex/Fire       ########     0%          3    None
 Static Discharge         Conj/Air       ########     0%          3    None
 Force Lance              Conj/Tloc      ########     0%          4    None
 Iskenderun's Mystic Bla  Conj           ########     0%          4    None
 Animate Skeleton         Necr           N/A          1%          1    None
 Beastly Appendage        Tmut           ######       1%          1    None
 Confusing Touch          Hex            ######       1%          1    None
 Corona                   Hex            ######.      1%          1    None
 Pain                     Necr           ####         1%          1    None
 Sandblast                Erth           ######       1%          1    None
 Call Imp                 Summ           #######.     1%          2    None
 Corpse Rot               Necr           N/A          1%          2    None
 Ensorcelled Hibernation  Hex/Ice        ######       1%          2    None
 Passwall                 Tmut/Erth      ######..     1%          2    None
 Poisonous Vapours        Pois/Air       ######       1%          2    None
 Shroud of Golubria       Chrm/Tloc      #######...   1%          2    None
 Slow                     Hex            ######..     1%          2    None
 Sticks to Snakes         Tmut           ######..     1%          2    None
 Confuse                  Hex            ######..     1%          3    None
 Gell's Gravitas          Tloc           #######...   1%          3    None
 Lesser Beckoning         Tloc           #######...   1%          3    None
 Mephitic Cloud           Conj/Pois/Air  #######.     1%          3    None
 Portal Projectile        Hex/Tloc       ######       1%          3    None
 Recall                   Summ/Tloc      N/A          1%          3    None
 Spider Form              Tmut/Pois      ######....   1%          3    None
 Summon Guardian Golem    Hex/Summ       ######..     1%          3    None
 Teleport Other           Tloc           #######.     1%          3    None
 Tukima's Dance           Hex            ######..     1%          3    None
 Vampiric Draining        Necr           #######...   1%          3    None
 Airstrike                Air            ######....   1%          4    None
 Animate Dead             Necr           N/A          1%          4    None
 Fulminant Prism          Conj/Hex       ########..   1%          4    None
 Passage of Golubria      Tloc           N/A          1%          4    None
 Irradiate                Conj/Tmut      ########..   1%          5    None
 Iskenderun's Battlesphe  Conj/Chrm      ########     1%          5    None
 Lee's Rapid Deconstruct  Erth           #######...   1%          5    None
 Lightning Bolt           Conj/Air       ########..   1%          5    None
 Venom Bolt               Conj/Pois      ########..   1%          5    None
 Bolt of Cold             Conj/Ice       ########..   1%          6    None
 Conjure Ball Lightning   Conj/Air       ########..   1%          6    None
 Freezing Cloud           Conj/Ice/Air   #######...   1%          6    None
 Iron Shot                Conj/Erth      ########..   1%          6    None
 Poison Arrow             Conj/Pois      ########..   1%          6    None
 Spellforged Servitor     Conj/Summ      ########..   1%          7    None
 Summon Lightning Spire   Summ/Air       ######..     2%          4    None
 Petrify                  Tmut/Erth      ######..     3%          4    None
 Borgnjor's Vile Clutch   Necr/Erth      #######...   3%          5    None
 Summon Demon             Summ           #######...   3%          5    None
 Yara's Violent Unravell  Hex/Tmut       ######....   4%          5    None
 Cause Fear               Hex            ######....   5%          4    None
 Ice Form                 Ice/Tmut       ######..     5%          4    None
 Ring of Flames           Chrm/Fire      ########..   5%          7    None
 Lehudib's Crystal Spear  Conj/Erth      ########..   6%          8    None
 Excruciating Wounds      Chrm/Necr      ######....   7%          5    None
 Chain Lightning          Conj/Air       ########..   11%         8    None
 Alistair's Intoxication  Tmut/Pois      ######..     16%         5    None
 Blade Hands              Tmut           ######....   16%         5    None
 Metabolic Englaciation   Hex/Ice        ######....   16%         5    None
 Silence                  Hex/Air        ######....   16%         5    None
 Shadow Creatures         Summ           N/A          19%         6    None
 Ozocubu's Refrigeration  Ice            ######....   22%         6    None
 Simulacrum               Ice/Necr       ######....   36%         6    None
 Statue Form              Tmut/Erth      ######...    43%         6    None
 Darkness                 Hex            ######....   65%         6    None
 Deflect Missiles         Chrm/Air       ######....   65%         6    None
 Hydra Form               Tmut           ######....   65%         6    None
 Invisibility             Hex            ######..     65%         6    None
 Glaciate                 Conj/Ice       ########..   80%         9    ####...
 Dragon Form              Tmut           ######....   99%         7    None
 Discord                  Hex            ######....   100%        8    None


Dungeon Overview and Level Annotations

Branches:
Dungeon (15/15)            Temple (1/1) D:6            Lair (6/6) D:11
 Shoals (4/4) Lair:2        Snake (4/4) Lair:4        Slime (0/5) Lair:6
    Orc (2/2) D:12            Elf (3/3) Orc:2        Vaults (4/5) D:13
  Crypt (3/3) Vaults:3       Tomb (0/3) Crypt:3      Depths (3/5) D:15

Altars:
Ashenzari
Cheibriados
Dithmenos
Elyvilon
Fedhas
Gozag
Hepliaklqana
Kikubaaqudgha
Makhleb
Nemelex Xobeh
Okawaru
Qazlal
Ru
Sif Muna
Trog
Uskayaw
Vehumet
Wu Jian
Xom
Yredelemnul
Zin
The Shining One
Jiyva

Shops:
D:9 *   D:11 *   Orc:2 [:!%   Shoals:3 :   Snake:4 ?}*}   Vaults:1 :
Depths:1 ((   Depths:2 !:

Portals:
Hell: Depths:1 Depths:2
Abyss: Depths:1
Pandemonium: Orc:2 Depths:2

Annotations:
D:7 3 runed doors: monster room w hidden loot
Vaults:1 1 runed door, Tetyhuy's ghost, veteran HuFi
Vaults:3 Xtahua
Depths:3 1 runed door


Message History

The lich casts a spell at you. The bolt of negative energy hits you!
You feel drained.
You see here a large rock.
Damage: 62 (max 62)
Casting: Bolt of Magma (safe; 1% risk of failure)
Confirm with . or Enter, or press ? or * to list all spells.
Aiming: Bolt of Magma (safe; 1% risk of failure)
Press: ? - help, Shift-Dir - straight line, f - lich
Aim: a lich You feel a strong surge of power!
The bolt of magma hits the lich.
The lich is severely damaged.
Casting: Bolt of Magma (safe; 1% risk of failure)
Confirm with . or Enter, or press ? or * to list all spells.
Aiming: Bolt of Magma (safe; 1% risk of failure)
Press: ? - help, Shift-Dir - straight line, f/p - lich
Aim: a lich (severely damaged)
You feel a strong surge of power!
The bolt of magma hits the juggernaut.
The juggernaut is lightly wounded.
The bolt of magma hits the lich.
You destroy the lich!
Vehumet accepts your kill.
Things that are here:
a dire flail x2
You see here a bolt.
There is an open door here.
You see here a bolt.
Casting: Bolt of Magma (safe; 1% risk of failure)
Confirm with . or Enter, or press ? or * to list all spells.
You feel a surge of power!
You blink.
Found a runed door.
Casting: Blink (safe; 1% risk of failure)
Confirm with . or Enter, or press ? or * to list all spells.
Aiming: Orb of Destruction (safe; 1% risk of failure)
Press: ? - help, Shift-Dir - straight line, f - juggernaut
Aim: a juggernaut (lightly wounded)
You feel a surge of power!
The orb of destruction hits the juggernaut.
The juggernaut is heavily wounded.
Casting: Orb of Destruction (safe; 1% risk of failure)
Confirm with . or Enter, or press ? or * to list all spells.
Aiming: Orb of Destruction (safe; 1% risk of failure)
Press: ? - help, Shift-Dir - straight line, f/p - juggernaut
Aim: a juggernaut (heavily wounded)
You feel a surge of power!
The wavering orb of destruction hits the juggernaut.
The juggernaut is almost dead.
The juggernaut hits you!!!
* * * LOW HITPOINT WARNING * * *
The juggernaut hits you!!
You die...

#.....# #.....#
#.....# #.. #.....#
'... #.....+ #...
#.....# #...####
#.....# .......
#.@...# ....####
#C§...# #..'..#
.#.....# .
#.C####...#.§...#
..###.(.......#.....#
.......)#######.....#
#
##.....D(([()(((....#
.
#..##.?#######.....#
w ....
#........#.[...#


You could see a juggernaut.

Vanquished Creatures
  An ancient lich (WizLab)
  The ghost of vogonpoet the Brawler, a veteran TrAM of Okawaru (Elf:3)
  Vashnia (Snake:4)
  Nikola (Snake:4)
  A profane servitor (Crypt:3)
  A bone dragon (Crypt:3)
  Jory (Crypt:3)
  6 liches
  Rupert (D:13)
  3 tentacled monstrosities (Elf:3)
  The ghost of Moirulut the Tortoise, an adept GrFi of Makhleb (Crypt:1)
  2 deep elf blademasters (Elf:3)
  A deep elf master archer (Elf:3)
  2 sphinxes
  Polyphemus (Shoals:2)
  Gastronok (Lair:2)
  6 ancient champions
  Kirke (Shoals:1)
  The ghost of toffzen the Imperceptible, an adept SpEn of Gozag (Vaults:3)
  A storm dragon (Vaults:4)
  The ghost of Utuikhli the Peltast, an adept MiFi of Gozag (Elf:1)
  Roxanne (Snake:4)
  A tengu reaver (Depths:3)
  7 nagarajas (Snake:4)
  5 fire giants
  3 revenants
  12 deep elf sorcerers
  14 ghouls
  14 vault wardens
  A balrug (Depths:2)
  2 frost giants
  2 curse skulls
  3 cacodemons (Elf:3)
  Louise (Snake:4)
  25 ironheart preservers
  3 deep elf elementalists (Elf:3)
  10 stone giants
  3 entropy weavers
  10 deep elf demonologists
  A red draconian (Volcano)
  13 vampire knights
  14 deep elf annihilators
  The ghost of eyesofgods1 the Martial Artist, a journeyman DsMo of Cheibriados (Lair:5)
  3 spark wasps (Depths:2)
  8 deep elf death magi
  A dire elephant (Lair:5)
  5 merfolk javelineers
  10 ettins
  2 eidola (Crypt:2)
  Snorg (D:12)
  4 death oozes (Crypt:2)
  11 merfolk impalers
  17 jiangshi
  Josephine (D:11)
  4 deep elf high priests
  6 fire dragons
  7 yaktaur captains
  4 great orbs of eyes
  14 naga warriors
  17 vault guards
  4 rakshasas
  2 ice dragons
  10 hydras
  An ice dragon (shapeshifter) (Vaults:1)
  4 merfolk avatars
  An alligator snapping turtle (Shoals:4)
  6 death knights
  5 merfolk aquamancers
  A catoblepas (Shoals:2)
  5 anacondas
  9 centaur warriors
  51 two-headed ogres
  A vampire mage (Crypt:3)
  3 deep troll earth magi
  2 tengu warriors (Depths:3)
  A satyr (Shoals:2)
  16 ogre magi
  3 death yaks (Shoals:2)
  Urug (Lair:6)
  18 naga sharpshooters
  A spriggan berserker (Depths:1)
  13 shock serpents
  3 deep troll shamans
  22 deep elf knights
  A spectral storm dragon (Crypt:3)
  24 dancing weapons
  7 orc high priests
  A soul eater (Depths:2)
  2 titan skeletons
  Nergalle (D:10)
  8 hell knights (Depths:3)
  4 shadow wraiths
  3 salamander mystics
  2 sixfirhies
  A ghost moth zombie (Crypt:3)
  13 deep trolls
  An unseen horror (shapeshifter) (Elf:2)
  4 unseen horrors
  51 skeletal warriors
  6 wizards
  2 gelid demonspawn (Orc:2)
  4 flayed ghosts
  2 infernal demonspawn (Orc:2)
  11 phantasmal warriors
  11 sea snakes
  A tengu zombie (Vaults:3)
  An anaconda skeleton (Crypt:2)
  A spectral wolf spider (Crypt:3)
  A deep troll (shapeshifter) (Elf:3)
  11 mana vipers
  9 deep elf archers
  9 naga ritualists
  15 ironbrand convokers
  A wolf spider zombie (Crypt:2)
  13 harpies
  2 sphinx zombies
  15 orc knights
  A stone giant zombie (Crypt:1)
  11 necromancers
  12 ugly things
  A frost giant zombie (Crypt:3)
  An orb spider (shapeshifter) (Vaults:2)
  70 deep elf magi
  9 orc sorcerers
  9 wolf spiders
  10 manticores
  A sphinx skeleton (Vaults:3)
  2 fire giant zombies
  14 fauns
  17 salamanders
  33 elephants
  8 cyclopes
  A frost giant skeleton (Vaults:4)
  2 stone giant skeletons
  7 merfolk sirens
  12 vault sentinels
  2 gargoyles
  14 naga magi
  30 black mambas
  2 guardian serpents (shapeshifter)
  5 guardian serpents
  2 molten gargoyles (Volcano)
  2 ice statues (IceCv)
  A human skeleton (Vaults:2)
  9 water nymphs
  An orc zombie (Vaults:2)
  9 spiny frogs
  A shock serpent skeleton (Crypt:1)
  4 orange demons (Elf:2)
  A smoke demon (Orc:2)
  A yaktaur zombie (Vaults:4)
  47 yaktaurs
  An efreet (D:15)
  7 komodo dragons
  3 kobold demonologists
  A purple draconian zombie (Crypt:1)
  3 ice devils
  A rime drake (shapeshifter) (Depths:1)
  A komodo dragon (shapeshifter) (Depths:2)
  8 rime drakes
  A hellwing (Orc:2)
  A grey draconian skeleton (Crypt:2)
  A hydra zombie (Crypt:1)
  A yaktaur skeleton (Vaults:2)
  10 freezing wraiths
  2 yaktaurs (shapeshifter)
  An anaconda simulacrum (Crypt:1)
  3 meliai (shapeshifter)
  2 red devils
  6 tengu conjurers
  A jumping spider (shapeshifter) (Depths:3)
  7 trolls
  A tengu simulacrum (Vaults:2)
  17 merfolk
  5 polar bears
  3 meliai (D:15)
  3 wind drakes
  A harpy skeleton (D:14)
  23 blink frogs
  A wind drake (shapeshifter) (D:13)
  4 ettin zombies
  5 hornets
  19 slime creatures
  A blink frog (shapeshifter) (Elf:3)
  4 bog bodies
  10 hippogriffs
  9 dream sheep
  A hippogriff (shapeshifter) (Vaults:3)
  8 snapping turtles
  A stone giant simulacrum (Vaults:2)
  A shadow dragon simulacrum (Crypt:2)
  A frost giant simulacrum (Vaults:4)
  A guardian serpent zombie (Crypt:2)
  4 redbacks
  54 flying skulls
  4 shadows
  An ettin skeleton (Crypt:1)
  2 air elementals
  5 vampires
  2 tarantellas
  A tarantella (shapeshifter) (Elf:1)
  2 spriggans
  19 water elementals
  11 wraiths
  An ice dragon skeleton (Crypt:1)
  A hog (shapeshifter) (Depths:2)
  59 yaks
  4 wyverns
  2 fire bats (Volcano)
  2 basilisks
  Eustachio (D:4)
  2 chaos spawn
  A hungry ghost (D:13)
  A steam dragon (shapeshifter) (Elf:3)
  2 fire elementals (Elf:2)
  8 vampire mosquitoes
  2 wargs
  4 two-headed ogre zombies (WizLab)
  4 acid dragons
  69 nagas
  20 water moccasins
  20 large abominations
  A spiny frog zombie (Crypt:2)
  2 hell hounds (Orc:2)
  A merfolk skeleton (Crypt:1)
  15 porcupines
  43 orc warriors
  2 snapping turtle zombies
  13 ice beasts
  A black bear (shapeshifter) (Elf:3)
  An eye of draining (D:15)
  5 sky beasts
  4 black bears
  An eye of draining (shapeshifter) (Vaults:4)
  A phantom (D:4)
  4 human zombies
  5 small abominations
  An ogre (shapeshifter) (Elf:1)
  28 ogres
  A spiny frog skeleton (Crypt:1)
  19 wolves
  9 necrophages
  13 boggarts
  28 centaurs
  19 crocodiles
  2 big kobolds (D:11)
  3 earth elementals
  A deep troll simulacrum (Vaults:2)
  20 bullfrogs
  2 cyclops skeletons
  A wyvern skeleton (D:11)
  2 wyvern zombies
  9 scorpions
  14 killer bees
  A water moccasin skeleton (Crypt:1)
  9 troll zombies (WizLab)
  13 wights
  A snapping turtle simulacrum (Crypt:1)
  An electric eel (Lair:6)
  A howler monkey (D:7)
  3 bullfrog zombies
  2 centaur zombies
  5 lava snakes (Volcano)
  5 crimson imps
  2 human simulacra
  5 centaur skeletons
  23 orc priests
  Crazy Yiuf (D:4)
  9 hounds
  6 jellies
  2 bullfrog skeletons
  A demonspawn skeleton (Crypt:2)
  2 iguanas
  17 orc wizards
  9 worker ants
  7 hell rats (Lair:3)
  4 ogre zombies (WizLab)
  A naga zombie (Crypt:1)
  2 demigod skeletons (Crypt:1)
  A hound skeleton (D:9)
  2 worker ant zombies
  10 adders
  18 river rats (Lair:3)
  An ooze (D:3)
  A halfling zombie (Crypt:2)
  5 worms
  A barachi zombie (Crypt:1)
  3 dart slugs
  2 leopard geckos
  78 orcs
  6 giant cockroaches
  5 goblins
  4 hobgoblins
  10 jackals
  8 kobolds
  9 quokkas
  A ball python (D:5)
  4 bats
  3 frilled lizards
  A gnoll skeleton (Crypt:2)
  A jackal skeleton (D:4)
  A quokka zombie (D:6)
  9 rats
  2 fungi
  3 plants
2149 creatures vanquished.

Vanquished Creatures (collateral kills)
  An orc knight (Bailey)
1 creature vanquished.

Vanquished Creatures (others)
  An anaconda (Snake:3)
  A merfolk siren (Shoals:1)
  An orc warrior (Bailey)
  2 humans (Shoals:1)
  A naga (Snake:4)
  A floating eye (Depths:2)
  8 fire vortices (Elf:3)
  103 fungi
  64 plants
  19 withered plants (Crypt:2)
201 creatures vanquished.

Grand Total: 2351 creatures vanquished

Notes
Turn   | Place    | Note
-------+----------+-------------------------------------------
     0 | D:1      | Gorice the Deep Elf Fire Elementalist began the quest for
                  | the Orb.
     0 | D:1      | Reached XP level 1. HP: 10/10 MP: 6/6
   133 | D:1      | Reached skill level 2 in Conjurations
   306 | D:1      | Reached XP level 2. HP: 10/15 MP: 5/8
  1074 | D:1      | Learned a level 2 spell: Throw Flame
  1116 | D:2      | Reached skill level 3 in Conjurations
  1321 | D:2      | Reached XP level 3. HP: 13/19 MP: 2/9
  2354 | D:3      | Noticed a bullfrog
  2360 | D:3      | Learned a level 3 spell: Conjure Flame
  2366 | D:3      | Killed a bullfrog
  2366 | D:3      | Reached skill level 4 in Conjurations
  2366 | D:3      | Reached skill level 4 in Fire Magic
  2366 | D:3      | Reached XP level 4. HP: 24/24 MP: 1/10
  2479 | D:3      | Reached XP level 5. HP: 28/28 MP: 8/11
  2567 | D:3      | Learned a level 4 spell: Sticky Flame
  2618 | D:3      | Found a radiant altar of Vehumet.
  2801 | D:3      | Became a worshipper of Vehumet
  3422 | D:3      | Upgraded the game from 0.23-a0-54-gae6112e to
                  | 0.23-a0-61-g4bf3f6c
  3425 | D:4      | Noticed a phantom
  3430 | D:4      | Reached skill level 5 in Fire Magic
  3438 | D:4      | Killed a phantom
  3438 | D:4      | Reached skill level 5 in Conjurations
  3438 | D:4      | Reached XP level 6. HP: 15/32 MP: 2/12
  3734 | D:4      | Noticed Eustachio
  3741 | D:4      | Killed Eustachio
  3741 | D:4      | Reached skill level 6 in Conjurations
  3741 | D:4      | Reached skill level 6 in Fire Magic
  4028 | D:4      | Reached XP level 7. HP: 36/36 MP: 9/13
  4438 | D:4      | You fall through a shaft for 2 floors!
  4689 | D:6      | Found a deep blue altar of Sif Muna.
  4714 | D:6      | Reached skill level 7 in Fire Magic
  4762 | D:6      | Found a staircase to the Ecumenical Temple.
  4767 | D:5      | Entered Level 5 of the Dungeon
  4860 | D:4      | Reached skill level 7 in Conjurations
  5198 | D:4      | Found a runed door.
  5202 | D:4      | Noticed Crazy Yiuf
  5207 | D:4      | Killed Crazy Yiuf
  5524 | D:5      | Noticed an angel
  5525 | D:5      | Found a shimmering altar of Xom.
  5529 | D:5      | Found a glowing silver altar of Zin.
  5605 | D:5      | Reached XP level 8. HP: 41/41 MP: 6/14
  5614 | D:5      | Found a snail-covered altar of Cheibriados.
  5764 | D:5      | Reached * piety under Vehumet
  5764 | D:5      | Offered knowledge of Sting by Vehumet.
  5764 | D:5      | Reached skill level 8 in Fire Magic
  5888 | D:5      | Reached skill level 8 in Conjurations
  6117 | D:5      | Learned a level 3 spell: Stone Arrow
  6416 | D:5      | Identified a scroll of acquirement
  6432 | Temple   | Entered the Ecumenical Temple
  6536 | D:6      | Found a stormy altar of Qazlal.
  7609 | D:7      | Reached skill level 9 in Fire Magic
  7704 | D:7      | Reached skill level 9 in Conjurations
  8017 | D:7      | Reached XP level 9. HP: 45/45 MP: 1/15
  8392 | D:7      | Found a runed door.
  8392 | D:7      | Found a runed door.
  8392 | D:7      | Noticed a manticore
  8393 | D:7      | Found a runed door.
  8614 | D:7      | Reached skill level 4 in Spellcasting
  9090 | D:8      | Reached skill level 10 in Fire Magic
  9152 | D:8      | Reached skill level 10 in Conjurations
  9185 | D:8      | Reached skill level 5 in Spellcasting
  9201 | D:7      | Learned a level 5 spell: Fireball
  9277 | D:8      | Reached ** piety under Vehumet
  9283 | D:8      | Offered knowledge of Freeze by Vehumet.
  9776 | D:8      | Found a blossoming altar of Fedhas.
  9900 | D:8      | Reached skill level 6 in Spellcasting
 10095 | D:8      | Noticed a troll
 10100 | D:8      | Killed a troll
 10520 | D:9      | Found a stormy altar of Qazlal.
 10591 | D:9      | Reached XP level 10. HP: 32/50 MP: 16/22
 10676 | D:9      | Reached skill level 7 in Spellcasting
 10977 | D:9      | Found Nuxke's General Store.
 11015 | D:9      | Found a blossoming altar of Fedhas.
 11126 | D:9      | Found an ornate altar of the Wu Jian Council.
 11274 | D:9      | Reached skill level 11 in Fire Magic
 11385 | D:9      | Reached skill level 11 in Conjurations
 11388 | D:9      | Offered knowledge of Throw Frost by Vehumet.
 11388 | D:9      | Reached skill level 3 in Dodging
 11389 | D:9      | Reached skill level 1 in Fighting
 11389 | D:9      | Reached skill level 8 in Spellcasting
 11547 | D:9      | Noticed a two-headed ogre
 11819 | D:10     | Entered Level 10 of the Dungeon
 11819 | D:10     | Noticed Nergalle
 11849 | D:9      | Killed a two-headed ogre
 11849 | D:9      | Reached skill level 2 in Fighting
 11849 | D:9      | Reached skill level 4 in Dodging
 12123 | D:10     | Reached skill level 5 in Dodging
 12123 | D:10     | Reached skill level 9 in Spellcasting
 12195 | D:10     | Reached *** piety under Vehumet
 12210 | D:10     | Found a flagged portal.
 12266 | Bailey   | Entered a bailey
 12272 | Bailey   | Reached skill level 3 in Fighting
 12274 | Bailey   | Noticed an orc knight
 12284 | Bailey   | Killed an orc knight
 12505 | D:10     | HP: 12/56 [Nergalle/bolt of negative energy (33)]
 12506 | D:10     | Killed Nergalle
 12506 | D:10     | Reached skill level 6 in Dodging
 12506 | D:10     | Reached XP level 11. HP: 13/60 MP: 9/26
 12763 | D:10     | Noticed an unseen horror
 12802 | D:10     | Killed an unseen horror
 12802 | D:10     | Reached skill level 4 in Fighting
 12802 | D:10     | Reached skill level 10 in Spellcasting
 13099 | D:11     | Offered knowledge of Throw Icicle by Vehumet.
 13158 | D:11     | Reached skill level 7 in Dodging
 13192 | D:11     | Found a staircase to the Lair.
 13409 | D:11     | Found Omirij's General Store.
 13416 | D:11     | Bought a scroll of blinking for 90 gold pieces
 13416 | D:11     | Bought a potion of heal wounds for 60 gold pieces
 13429 | D:11     | Noticed Josephine
 13433 | D:11     | Killed Josephine
 13689 | D:11     | Reached skill level 5 in Fighting
 13689 | D:11     | Reached skill level 11 in Spellcasting
 13690 | D:11     | Reached **** piety under Vehumet
 13690 | D:11     | Reached skill level 8 in Dodging
 14016 | D:11     | Offered knowledge of Bolt of Magma by Vehumet.
 14023 | D:11     | Learned a level 5 spell: Bolt of Magma
 14212 | D:11     | Learned a level 2 spell: Blink
 14213 | Lair:1   | Entered Level 1 of the Lair of Beasts
 14213 | Lair:1   | Noticed a five-headed hydra
 14482 | D:11     | HP: 16/64 [wolf (6)]
 14490 | D:11     | Killed a five-headed hydra
 14623 | D:11     | Reached skill level 9 in Dodging
 14751 | D:11     | HP: 16/64 [wolf (9)]
 14756 | D:11     | Reached skill level 6 in Fighting
 14772 | D:11     | Reached skill level 12 in Spellcasting
 15040 | D:11     | Reached XP level 12. HP: 52/70 MP: 27/30
 15796 | Lair:1   | Identified the Papyrus of the Sinister Oath
 15937 | Lair:2   | Reached skill level 10 in Dodging
 16256 | Lair:2   | Found a staircase to the Shoals.
 16416 | Lair:2   | Reached skill level 7 in Fighting
 16598 | Lair:2   | Got a twisted ring mail
 17241 | Lair:2   | Upgraded the game from 0.23-a0-61-g4bf3f6c to
                  | 0.23-a0-78-gc252fe1
 17283 | Lair:3   | Reached skill level 13 in Spellcasting
 17823 | Lair:3   | Noticed a seven-headed hydra
 17829 | Lair:3   | Killed a seven-headed hydra
 18031 | Lair:3   | Reached skill level 11 in Dodging
 18303 | Lair:3   | Noticed a seven-headed hydra
 18324 | Lair:3   | Killed a seven-headed hydra
 18532 | Lair:3   | Reached ***** piety under Vehumet
 18532 | Lair:3   | Offered knowledge of Fulminant Prism by Vehumet.
 18792 | Lair:4   | Noticed a four-headed hydra
 18802 | Lair:4   | Killed a four-headed hydra
 18977 | Lair:4   | Reached skill level 8 in Fighting
 19050 | Lair:4   | Reached skill level 14 in Spellcasting
 19054 | Lair:4   | Reached XP level 13. HP: 48/78 MP: 23/33
 19360 | Lair:4   | Identified the +4 ring mail of Entitlement {rN+ Int+7
                  | Stlth+} (You found it on level 2 of the Lair of Beasts)
 19489 | Lair:4   | Found a staircase to the Snake Pit.
 19581 | Lair:4   | Found a sparkling altar of Nemelex Xobeh.
 19597 | Lair:4   | Reached skill level 1 in Translocations
 19676 | Lair:4   | Reached skill level 12 in Dodging
 19814 | Lair:4   | Reached skill level 2 in Translocations
 20506 | Lair:5   | Reached skill level 1 in Armour
 20539 | Lair:5   | Reached skill level 3 in Translocations
 20804 | Lair:5   | Offered knowledge of Bolt of Draining by Vehumet.
 20894 | Lair:5   | Reached skill level 2 in Armour
 20956 | Lair:5   | Upgraded the game from 0.23-a0-78-gc252fe1 to
                  | 0.23-a0-79-gaa8cc03
 20958 | Lair:5   | Upgraded the game from 0.23-a0-79-gaa8cc03 to
                  | 0.23-a0-80-gc95c2c7
 20958 | Lair:5   | Upgraded the game from 0.23-a0-80-gc95c2c7 to
                  | 0.23-a0-85-g22930c1
 20958 | Lair:5   | Upgraded the game from 0.23-a0-85-g22930c1 to
                  | 0.23-a0-87-g5f73bc1
 20959 | Lair:5   | Upgraded the game from 0.23-a0-87-g5f73bc1 to
                  | 0.23-a0-94-g44dc95e
 20967 | Lair:5   | Upgraded the game from 0.23-a0-94-g44dc95e to
                  | 0.23-a0-97-g66d73a1
 20967 | Lair:5   | Upgraded the game from 0.23-a0-97-g66d73a1 to
                  | 0.23-a0-100-g33897af
 20967 | Lair:5   | Upgraded the game from 0.23-a0-100-g33897af to
                  | 0.23-a0-106-g63f3d0b
 20967 | Lair:5   | Upgraded the game from 0.23-a0-106-g63f3d0b to
                  | 0.23-a0-115-g8d3be6a
 20967 | Lair:5   | Upgraded the game from 0.23-a0-115-g8d3be6a to
                  | 0.23-a0-126-g19e28b4
 20967 | Lair:5   | Upgraded the game from 0.23-a0-126-g19e28b4 to
                  | 0.23-a0-130-g0e7800e
 20999 | Lair:5   | Found a runed gate.
 20999 | Lair:5   | Found a runed gate.
 20999 | Lair:5   | Found a runed gate.
 21092 | Lair:5   | Reached skill level 4 in Translocations
 21098 | Lair:5   | Noticed eyesofgods1's ghost (journeyman DsMo)
 21297 | Lair:5   | Reached skill level 9 in Fighting
 21370 | Lair:5   | Reached skill level 15 in Spellcasting
 21435 | Lair:5   | Reached skill level 3 in Armour
 21840 | Lair:5   | Reached skill level 4 in Armour
 21840 | Lair:5   | Noticed a dire elephant
 21890 | Lair:5   | Killed a dire elephant
 22314 | Lair:5   | Killed eyesofgods1's ghost
 22436 | Lair:6   | Entered Level 6 of the Lair of Beasts
 22572 | Lair:6   | Reached XP level 14. HP: 48/87 MP: 23/35
 22599 | Lair:6   | Paralysed by a hornet for 3 turns
 22682 | Lair:6   | HP: 19/87 [rime drake/flash freeze (22)]
 22688 | Lair:6   | Reached skill level 5 in Armour
 22791 | Lair:6   | Reached skill level 10 in Fighting
 22792 | Lair:6   | HP: 17/88 [elephant (13)]
 22834 | Lair:6   | HP: 25/88 [elephant (2)]
 22842 | Lair:6   | Found a frozen archway.
 22862 | IceCv    | Entered an ice cave
 22868 | IceCv    | HP: 13/88 [white ugly thing (15)]
 22883 | IceCv    | Found a transporter.
 23211 | IceCv    | Found a transporter.
 23339 | Lair:6   | Reached skill level 6 in Armour
 23359 | Lair:6   | Offered knowledge of Ozocubu's Refrigeration by Vehumet.
 23481 | Lair:6   | Noticed Urug
 23485 | Lair:6   | Killed Urug
 23693 | Lair:6   | Reached skill level 7 in Armour
 23897 | Lair:6   | Reached skill level 11 in Fighting
 24465 | Lair:6   | Found a viscous altar of Jiyva.
 24465 | Lair:6   | Found a staircase to the Slime Pits.
 24762 | D:12     | Noticed Snorg
 24770 | D:12     | Killed Snorg
 24798 | D:12     | Reached skill level 8 in Armour
 25080 | D:12     | Found a staircase to the Orcish Mines.
 25866 | Orc:1    | Entered Level 1 of the Orcish Mines
 26201 | Orc:2    | Entered Level 2 of the Orcish Mines
 26214 | Orc:2    | Found a dark tunnel.
 26224 | Orc:2    | Offered knowledge of Orb of Destruction by Vehumet.
 26253 | Volcano  | Entered a volcano
 26407 | Volcano  | Found a burning altar of Makhleb.
 26425 | Volcano  | Reached XP level 15. HP: 50/96 MP: 26/36
 27166 | Orc:2    | Reached skill level 12 in Fighting
 27477 | Orc:1    | Reached skill level 9 in Armour
 27908 | Orc:2    | Found a staircase to the Elven Halls.
 28314 | Orc:2    | Found Puschixe's Food Shoppe.
 28315 | Orc:2    | Found Ylau's Distillery.
 28767 | Orc:2    | Learned a level 7 spell: Orb of Destruction
 29435 | Orc:2    | Found Zeath's Antique Armour Boutique.
 29435 | Orc:2    | Found a one-way gate leading to the halls of Pandemonium.
 29435 | Orc:2    | Found Homihed's Book Shop.
 29459 | Orc:2    | Bought the +3 crown of Dyrovepreva {rElec Int+2 SInv} for
                  | 1531 gold pieces
 29459 | Orc:2    | Found the +3 crown of Dyrovepreva {rElec Int+2 SInv}
 29528 | Orc:2    | Bought a potion of brilliance for 52 gold pieces
 29528 | Orc:2    | Bought a potion of mutation for 104 gold pieces
 29528 | Orc:2    | Bought a potion of heal wounds for 65 gold pieces
 29921 | D:13     | Noticed Rupert
 29922 | D:13     | Reached skill level 10 in Armour
 29923 | D:13     | Paralysed by Rupert for 2 turns
 29925 | D:13     | Killed Rupert
 30161 | D:13     | Reached skill level 13 in Fighting
 30284 | D:13     | Reached ****** piety under Vehumet
 30423 | D:13     | Found a gate to the Vaults.
 30603 | D:13     | Offered knowledge of Freezing Cloud by Vehumet.
 31242 | D:14     | Reached skill level 13 in Dodging
 31261 | D:14     | Learned a level 1 spell: Apportation
 31263 | D:14     | Learned a level 1 spell: Summon Butterflies
 31642 | D:15     | Entered Level 15 of the Dungeon
 31645 | D:15     | Found an opulent altar of Gozag.
 31717 | D:15     | Reached XP level 16. HP: 93/104 MP: 32/37
 32203 | D:15     | Reached skill level 14 in Dodging
 32204 | D:15     | Found a staircase to the Depths.
 32392 | D:15     | Reached skill level 14 in Fighting
 32415 | D:15     | Offered knowledge of Spellforged Servitor by Vehumet.
 32772 | Snake:1  | Entered Level 1 of the Snake Pit
 33078 | Snake:1  | Found a deep blue altar of Sif Muna.
 33777 | Snake:2  | Reached skill level 12 in Conjurations
 33777 | Snake:2  | Reached skill level 12 in Fire Magic
 33967 | Snake:2  | HP: 31/106 [poisoned by a naga mage (poison arrow)]
 33973 | Snake:2  | HP: 29/106 [poisoned by a naga mage (splash of poison)]
 33978 | Snake:2  | HP: 21/106 [poisoned by a naga mage (splash of poison)]
 33983 | Snake:1  | HP: 15/106 [poisoned by a naga mage (splash of poison)]
 33989 | Snake:1  | HP: 12/106 [poisoned by a naga mage (splash of poison)]
 33996 | Snake:1  | HP: 11/106 [poisoned by a naga mage (splash of poison)]
 34003 | Snake:1  | HP: 11/106 [poisoned by a naga mage (splash of poison)]
 34011 | Snake:1  | HP: 11/106 [poisoned by a naga mage (splash of poison)]
 35073 | Snake:3  | Offered knowledge of Bolt of Cold by Vehumet.
 35994 | Snake:2  | Reached skill level 13 in Conjurations
 35994 | Snake:2  | Reached skill level 13 in Fire Magic
 36356 | Snake:3  | Reached XP level 17. HP: 89/111 MP: 34/38
 37345 | Snake:4  | Entered Level 4 of the Snake Pit
 37435 | Snake:4  | Noticed Nikola
 37448 | Snake:4  | Killed Nikola
 37448 | Snake:4  | Reached skill level 14 in Conjurations
 37454 | Snake:4  | Reached skill level 14 in Fire Magic
 37580 | Snake:4  | Found a stormy altar of Qazlal.
 37623 | Snake:4  | Noticed Roxanne
 37709 | Snake:4  | Killed Roxanne
 37715 | Snake:4  | Identified Roxanne's Compendium of Thrice Damned Blessings
                  | (You took it off Roxanne on level 4 of the Snake Pit)
 37899 | Snake:4  | Found Mekh's Magic Scroll Shop.
 37900 | Snake:4  | Found Exeheif's General Store.
 37900 | Snake:4  | Found Cowiggeo's Gadget Shop.
 37908 | Snake:4  | Found Xiqughar's Gadget Boutique.
 37948 | Snake:4  | Noticed Vashnia
 38574 | Snake:4  | Noticed Louise
 38582 | Snake:4  | Killed Louise
 38684 | Snake:4  | Reached skill level 15 in Conjurations
 38684 | Snake:4  | Reached skill level 15 in Fire Magic
 38855 | Snake:4  | Reached skill level 3 in Stealth
 38870 | Snake:4  | HP: 31/111 [poisoned by a black mamba]
 38875 | Snake:4  | HP: 21/111 [poisoned by a black mamba]
 38880 | Snake:4  | HP: 15/111 [poisoned by a black mamba]
 38885 | Snake:4  | HP: 10/111 [poisoned by a black mamba]
 38890 | Snake:4  | HP: 8/111 [poisoned by a black mamba]
 38895 | Snake:4  | HP: 6/111 [poisoned by a black mamba]
 38900 | Snake:4  | HP: 5/111 [poisoned by a black mamba]
 38907 | Snake:4  | HP: 5/111 [poisoned by a black mamba]
 38915 | Snake:4  | HP: 6/111 [poisoned by a black mamba]
 39399 | Snake:4  | Offered knowledge of Shatter by Vehumet.
 39399 | Snake:4  | Offered knowledge of Tornado by Vehumet.
 39399 | Snake:4  | Offered knowledge of Ignition by Vehumet.
 39404 | Snake:4  | HP: 11/111 [Vashnia/bolt (27)]
 39733 | Snake:4  | Killed Vashnia
 39759 | Snake:4  | Reached XP level 18. HP: 44/116 MP: 30/39
 39889 | Snake:4  | Got a serpentine rune of Zot
 40168 | Lair:1   | Upgraded the game from 0.23-a0-130-g0e7800e to
                  | 0.23-a0-136-g722f094
 40186 | Lair:2   | Noticed Gastronok
 40191 | Lair:2   | Killed Gastronok
 40225 | Shoals:1 | Entered Level 1 of the Shoals
 40352 | Shoals:1 | Noticed Kirke
 40359 | Shoals:1 | Killed Kirke
 40460 | Shoals:1 | You fall through a shaft!
 40461 | Shoals:2 | HP: 29/116 [satyr/arrow (28)]
 40466 | Shoals:2 | Reached skill level 16 in Conjurations
 40466 | Shoals:2 | Reached skill level 16 in Fire Magic
 40608 | Shoals:2 | Identified the +5 plate armour of the Moon {Regen+} (You
                  | found it on level 2 of the Shoals)
 41495 | Shoals:2 | Noticed Polyphemus
 41505 | Shoals:2 | Killed Polyphemus
 41745 | Shoals:3 | Found Ziwokaf's Book Shop.
 42441 | Shoals:4 | Entered Level 4 of the Shoals
 43059 | Shoals:4 | Reached skill level 17 in Conjurations
 43060 | Shoals:4 | Reached skill level 17 in Fire Magic
 43318 | Shoals:4 | Got a barnacled rune of Zot
 43761 | Vaults:1 | Entered Level 1 of the Vaults
 43786 | Vaults:1 | Reached XP level 19. HP: 103/121 MP: 30/40
 43788 | Vaults:1 | Reached skill level 16 in Spellcasting
 43940 | Vaults:1 | Found Ytysyuc's Book Shop.
 44015 | Vaults:1 | Found a runed door.
 44015 | Vaults:1 | Noticed Tetyhuy's ghost (veteran HuFi)
 44395 | Vaults:1 | Reached skill level 18 in Conjurations
 44395 | Vaults:1 | Reached skill level 18 in Fire Magic
 46190 | Vaults:2 | Reached skill level 17 in Spellcasting
 46315 | Vaults:2 | Found a flickering gateway to a bazaar.
 46333 | Bazaar   | Entered a bazaar
 46333 | Bazaar   | Found Pyneh's Armour Boutique.
 46333 | Bazaar   | Found Vaaquzof's Weapon Boutique.
 46333 | Bazaar   | Found Oblouklegi's Antique Armour Shop.
 46333 | Bazaar   | Found Hinaun's Jewellery Shop.
 46346 | Bazaar   | Bought a pair of runed gloves for 180 gold pieces
 46346 | Bazaar   | Bought a pair of embroidered boots for 180 gold pieces
 46372 | Bazaar   | Bought an uncursed ring of poison resistance for 220 gold
                  | pieces
 46414 | Vaults:2 | Noticed a lich
 46416 | Vaults:2 | Killed a lich
 46416 | Vaults:2 | Reached XP level 20. HP: 127/127 MP: 37/43
 46436 | Vaults:2 | Reached skill level 19 in Conjurations
 46436 | Vaults:2 | Reached skill level 19 in Fire Magic
 47034 | Vaults:2 | HP: 38/127 [cyclops/large rock (12)]
 48048 | Vaults:3 | Reached skill level 1 in Evocations
 48205 | Vaults:3 | Reached skill level 2 in Evocations
 48352 | Vaults:3 | Reached skill level 3 in Evocations
 48357 | Vaults:3 | Reached skill level 18 in Spellcasting
 48677 | Vaults:3 | Found a runed door.
 48737 | Vaults:3 | Noticed toffzen's ghost (adept SpEn)
 48797 | Vaults:3 | Reached skill level 20 in Fire Magic
 48908 | Vaults:3 | Reached skill level 20 in Conjurations
 48921 | Vaults:3 | Reached skill level 4 in Evocations
 49001 | Vaults:3 | Reached XP level 21. HP: 132/132 MP: 40/45
 49027 | Vaults:3 | Found a staircase to the Crypt.
 49481 | Vaults:3 | Noticed Xtahua
 49926 | Vaults:3 | Found a shimmering altar of Xom.
 49940 | Vaults:3 | Killed toffzen's ghost
 50015 | Vaults:3 | HP: 38/132 [Xtahua (3)]
 50017 | Vaults:3 | HP: 16/132 [Xtahua (7)]
 50679 | Vaults:4 | Reached skill level 5 in Evocations
 50857 | Vaults:4 | Got a steaming lead ring
 50858 | Vaults:4 | Identified the ring "Neepie" {rElec MP+9 Int-5 SInv} (You
                  | found it on level 4 of the Vaults)
 51408 | Vaults:4 | Reached skill level 6 in Evocations
 53111 | Crypt:1  | Entered Level 1 of the Crypt
 53160 | Crypt:1  | Reached skill level 21 in Fire Magic
 53245 | Vaults:3 | Reached skill level 21 in Conjurations
 53493 | Crypt:1  | Reached skill level 19 in Spellcasting
 53608 | Crypt:1  | Found a runed door.
 53610 | Crypt:1  | Noticed Moirulut's ghost (adept GrFi)
 53667 | Crypt:1  | Reached skill level 7 in Evocations
 53821 | Crypt:1  | Reached XP level 22. HP: 137/137 MP: 20/47
 54432 | Crypt:1  | Killed Moirulut's ghost
 55116 | Crypt:2  | Reached skill level 8 in Evocations
 56110 | Crypt:3  | Entered Level 3 of the Crypt
 56448 | Crypt:3  | Found a basalt altar of Yredelemnul.
 56580 | Crypt:3  | HP: 39/137 [jiangshi (3)]
 56582 | Crypt:3  | Reached skill level 22 in Fire Magic
 56587 | Crypt:3  | HP: 33/137 [flying skull (9)]
 56592 | Crypt:3  | HP: 31/137 [skeletal warrior/halberd (3)]
 56932 | Crypt:3  | Reached skill level 22 in Conjurations
 57239 | Crypt:3  | Reached skill level 20 in Spellcasting
 57614 | Crypt:3  | Reached XP level 23. HP: 73/142 MP: 35/49
 57771 | Crypt:3  | Found a staircase to the Tomb.
 57778 | Crypt:3  | Noticed Jory
 57786 | Crypt:3  | HP: 11/142 [Jory/great sword of draining (33)]
 57786 | Crypt:3  | HP: 1/142 [Jory/great sword of draining (9)]
 57788 | Crypt:3  | Killed Jory
 57790 | Crypt:3  | Got a warped lead ring
 57793 | Crypt:3  | Identified the cursed ring of Autumn {MP+9 Str-3 Slay+2}
                  | (You took it off Jory on level 3 of the Crypt)
 57819 | Crypt:3  | Got a pair of spiked gloves
 57820 | Crypt:3  | Identified the cursed +0 pair of gloves "Lelip" {*Slow rF++
                  | Dex-5 SInv} (You found it on level 3 of the Crypt)
 58216 | Elf:1    | Entered Level 1 of the Elven Halls
 58287 | Elf:1    | Found a radiant altar of Vehumet.
 58766 | Elf:1    | Found a large runed door.
 58767 | Elf:1    | Noticed Utuikhli's ghost (adept MiFi)
 58769 | Elf:1    | Found a large runed door.
 58807 | Elf:1    | Identified the Incunabulum of Companions
 59033 | Elf:1    | Killed Utuikhli's ghost
 59043 | Elf:1    | Identified the +1 scale mail "Otohaph" {rF+} (You found it
                  | on level 1 of the Elven Halls)
 59701 | Elf:2    | Reached skill level 21 in Spellcasting
 59803 | Elf:2    | Found a runed gate.
 59803 | Elf:2    | Found a runed gate.
 59804 | Elf:2    | Found a runed gate.
 60487 | Elf:3    | Entered Level 3 of the Elven Halls
 60978 | Elf:3    | Reached skill level 23 in Conjurations
 61015 | Elf:3    | Found a runed gate.
 61015 | Elf:3    | Found a runed gate.
 61015 | Elf:3    | Found a runed gate.
 61045 | Elf:3    | Reached skill level 23 in Fire Magic
 61271 | Elf:3    | HP: 41/142 [deep elf master archer/arrow (23)]
 61272 | Elf:3    | Reached skill level 22 in Spellcasting
 61795 | Elf:3    | Got a shimmering rapier {pierce}
 61862 | Elf:3    | Identified the +8 rapier "Vaappath" {pierce, rPois rF++ MR-
                  | SInv} (You took it off a deep elf annihilator on level 3 of
                  | the Elven Halls)
 61986 | Elf:3    | Identified the Almanac of Glamour
 62058 | Elf:3    | Learned a level 9 spell: Fire Storm
 62270 | Elf:3    | Found a runed gate.
 62274 | Elf:3    | Reached XP level 24. HP: 148/148 MP: 51/51
 62286 | Elf:3    | Found a runed gate.
 62293 | Elf:3    | Found a runed gate.
 62294 | Elf:3    | Noticed vogonpoet's ghost (veteran TrAM)
 62363 | Elf:3    | HP: 28/148 [vogonpoet's ghost (26)]
 62366 | Elf:3    | HP: 5/148 [vogonpoet's ghost (18)]
 62407 | Elf:3    | Killed vogonpoet's ghost
 62407 | Elf:3    | Reached skill level 15 in Dodging
 62442 | Elf:3    | Got an ancient hat
 62446 | Elf:3    | Identified the cursed +0 hat of Understanding {*Contam
                  | Str+7} (You found it on level 3 of the Elven Halls)
 62731 | Depths:1 | Entered Level 1 of the Depths
 62767 | Depths:1 | HP: 42/148 [yaktaur/bolt (10)]
 63188 | Depths:1 | Found Tyipna's Weapon Shoppe.
 63257 | Depths:1 | Found a gateway to Hell.
 63266 | Depths:1 | Found a magical portal.
 63288 | WizLab   | Entered Zonguldrok's Shrine
 63458 | WizLab   | Reached skill level 23 in Spellcasting
 63797 | WizLab   | Noticed an antique lich
 63800 | WizLab   | Killed an antique lich
 63804 | WizLab   | Found the +9 sword of Zonguldrok {reap}
 63810 | WizLab   | Identified the Compendium of Damaging Unholy Secrets
 63848 | WizLab   | Learned a level 3 spell: Regeneration
 63908 | Depths:1 | Found Gackybb's Antique Weapon Boutique.
 64018 | Depths:1 | Reached skill level 16 in Dodging
 64180 | Depths:1 | Found a one-way gate to the infinite horrors of the Abyss.
 64339 | D:15     | Learned a level 2 spell: Swiftness
 64416 | Depths:2 | Paralysed by a floating eye for 4 turns
 64536 | Depths:2 | Reached skill level 1 in Summonings
 64536 | Depths:2 | Reached skill level 1 in Necromancy
 64626 | Depths:2 | Reached skill level 2 in Necromancy
 64635 | Depths:2 | Reached skill level 2 in Summonings
 64739 | Depths:2 | Found Riakyrph's Book Emporium.
 64853 | Depths:2 | Found Josseq's Distillery.
 64873 | Depths:2 | Bought a potion of heal wounds for 90 gold pieces
 64941 | Depths:2 | Upgraded the game from 0.23-a0-136-g722f094 to
                  | 0.23-a0-137-gef0ad6d
 65211 | Depths:3 | Reached skill level 1 in Earth Magic
 65307 | Depths:3 | Reached skill level 3 in Necromancy
 65362 | Depths:3 | Reached skill level 3 in Summonings
 65457 | Depths:3 | Reached skill level 2 in Earth Magic
 65540 | Depths:3 | Reached skill level 4 in Necromancy
 65540 | Depths:3 | Reached skill level 5 in Translocations
 65572 | Depths:3 | Reached skill level 3 in Earth Magic
 65602 | Depths:3 | Reached skill level 4 in Summonings
 65615 | Depths:3 | HP: 41/148 [tengu reaver/bardiche (18)]
 65705 | Depths:3 | Noticed a juggernaut
 65970 | Depths:3 | Found a runed door.
 65973 | Depths:3 | HP: 25/148 [juggernaut (64)]
 65973 | Depths:3 | Slain by a juggernaut

Vault maps used:
D:1:      giann_forest_graveyard
D:2:      first_ration, palyth_stone_intersect, minmay_crystal_water
D:3:      old_standard_altar
D:4:      st_stairs_5, uniq_eustachio, uniq_crazy_yiuf_cottage
D:5:      grunt_temple_overflow_order_and_chaos_1, kennysheep_slug_shrine
D:6:      nicolae_overflow_crystal_walls, minmay_temple_entry_trees,
          nicolae_qazlal_general_emergency
D:7:      minmay_the_grid_triangle_9x9_rhombus_full
D:8:      fedhas_altar_fruit_tree
D:9:      grunt_temple_overflow_forces_of_nature, lemuel_crystal_altar,
          serial_shops, nicolae_shop_trees
D:10:     enter_bailey_2, uniq_nergalle
D:11:     due_lair_maze_entry_diamond, serial_shops, shop, the_bakery,
          kennysheep_small_circle, uniq_josephine
D:12:     david_orc_3, roderic_roman_lattice, uniq_snorg
D:13:     nrook_guardian_serpent_snake_passage,
          lightli_vaults_fourway_checkpoint, serial_aquarium,
          aquarium_bridge_square, aquarium_window_3, aquarium_window_fake,
          aquarium_window_1, aquarium_window_1, aquarium_view_4, nrook_uturn,
          nicolae_twisting_strands, uniq_rupert
D:15:     grunt_enter_depths_magical_seal, nicolae_gozag_seed_capital
Temple:   zaba_magenta_temple
Lair:1:   serial_bayou_shore_a
Lair:2:   minmay_shoals_entry_beasts, uniq_gastronok
Lair:3:   lemuel_ratsnest, st_stairs_7, grunt_megastairs_4,
          infiniplex_staircase_pool, lemuel_fruit_tree
Lair:4:   minmay_snake_entry_guardpost_large, basic_altar
Lair:5:   mu_elephants_graveyard, gammafunk_ghost_split
Lair:6:   gammafunk_lair_ancient_temple, dpeg_slime_entry_enclosed_altar,
          portal_ice_cave_entry_pillars_2, serial_bayou_lagoon_a, uniq_urug
Shoals:1: uniq_kirke
Shoals:2: uniq_polyphemus
Shoals:3: serial_shops, shop
Shoals:4: shoals_end_simple
Snake:1:  basic_altar
Snake:4:  minmay_snake_end_coiled, basic_altar, minmay_shoptagon, uniq_roxanne,
          uniq_louise, uniq_nikola, uniq_vashnia
Orc:1:    mines_bat_river
Orc:2:    pf_orc_diabolical, enter_volcano_3
Elf:1:    eino_elf_arrival_sip, basic_altar, ebering_ghost_disaster_area,
          minmay_elf_demonology, minmay_crystal_room, minmay_misc_feat_columns,
          basic_loot_grate_trap
Elf:2:    einodemon_barbed_minivault
Elf:3:    minmay_elf_hall_dome, ploomutoo_gammafunk_ghost_potion_laboratory
Vaults:1: ebering_vaults_ghost_inner_flame, nicolae_vaults_triangles, v_misc_29,
          vaults_room_semicircle, ontoclasm_vaults_chip,
          nicolae_vaults_little_squares_2, hangedman_vaults_river_flow,
          vaults_room_pools, dpeg_vaults_monster_box,
          nicolae_vaults_diagonal_hallway_7, v_misc_8,
          grunt_vaults_hallway_short, vaults_room_fours, serial_shops, shop
Vaults:2: vaults_dpeg_diagonal, nicolae_vaults_big_angled_halls,
          nicolae_vaults_ring_of_whatevers, hangedman_vaults_trim,
          nicolae_vaults_network_square, nicolae_vaults_quartermaster,
          nicolae_vaults_ninety_degrees, hangedman_vaults_capsules,
          vaults_mumra_hex, serial_shops, bzr_entry_dummy
Vaults:3: ebering_vaults_ghost_xom, nicolae_vaults_network_periphery,
          nicolae_vaults_angled_halls, v_alt_pattern_6, v_misc_31,
          ontoclasm_vaults_twist, minmay_crypt_entry_simple_round,
          vaults_dpeg_cross, v_misc_29, ontoclasm_vaults_idyll,
          ontoclasm_vaults_eye, v_misc_30, uniq_xtahua
Vaults:4: v_misc_2, hangedman_vaults_impose, nicolae_vaults_network_quinsquares,
          v_misc_30, nicolae_vaults_three_branches, vaults_mumra_hexcomb,
          vaults_standard_mumra_enter_the_diamond, v_misc_23,
          grunt_vaults_hallway_short
Crypt:1:  gammafunk_ghost_grave
Crypt:2:  minmay_misc_feat_alley, minigarden_bobbens
Crypt:3:  grunt_crypt_end_deaths_head
Depths:1: serial_shops, shop, shop, hangedman_decor_opposing,
          pf_hell_entry_tar_spiral, mu_enter_wizlab_4, minmay_room_of_horrors,
          grunt_ministairs_7, minmay_misc_feat_room, glass_columns_a,
          evilmike_butchery
Depths:2: lemuel_flame_loot_2, serial_shops, shop_fountains, shop,
          rand_demon_pan_entry_4, hell_entry, minmay_gold_behind_fungi
Depths:3: box_level_dp, pan_entry, hell_entry
Bazaar:   bazaar_minmay_generic_box
Bailey:   bailey_polearm_4, bailey
IceCv:    ice_cave_statue_garden_transporter
Volcano:  volcano_lake
WizLab:   wizlab_zonguldrok

Skill      XL: |  1  2  3  4  5  6  7  8  9 10 11 12 13 14 15 16 17 18 19 20 21 22 23 24 |
---------------+-------------------------------------------------------------------------+-----
Conjurations   | 2 3 4 5 6 7 9 10 11 13 15 17 18 20 21 22 23 | 23.0
Fire Magic     | 4 5 6 7 9 10 11 13 15 17 18 20 21 22 23 | 23.0
Spellcasting   | 6 9 12 14 15 17 18 19 20 22 23 | 23.3
Dodging        | 6 9 11 12 13 14 16 | 16.0
Fighting       | 3 6 8 9 11 13 14 | 14.2
Translocations | 4 5 |  5.5
Armour         | 4 8 10 | 10.7
Stealth        | 3 |  3.0
Evocations     | 4 7 8 |  8.0
Summonings     | 4 |  4.4
Necromancy     | 4 |  4.7
Earth Magic    | 3 |  3.5

Action                   |  1- 3 |  4- 6 |  7- 9 | 10-12 | 13-15 | 16-18 | 19-21 | 22-24 || total
-------------------------+-------+-------+-------+-------+-------+-------+-------+-------++-------
Melee: Lajatang          |       |     1 |    40 |    77 |    77 |    21 |     5 |    17 ||   238
       Staff             |       |       |    12 |    40 |    36 |     4 |     4 |     9 ||   105
Throw: Stone             |       |     1 |     1 |       |       |       |       |       ||     2
       Tomahawk          |       |       |       |       |     1 |       |       |       ||     1
       Javelin           |       |       |       |       |       |     1 |     2 |     4 ||     7
 Cast: Flame Tongue      |    69 |    52 |   105 |   100 |    76 |     1 |       |       ||   403
       Throw Flame       |     8 |     8 |    65 |    68 |   133 |    17 |     5 |     1 ||   305
       Conjure Flame     |     1 |     1 |    21 |    70 |    59 |     2 |     4 |     6 ||   164
       Sticky Flame      |       |     2 |    13 |    73 |   137 |    39 |    35 |    25 ||   324
       Stone Arrow       |       |       |    13 |    38 |   225 |    78 |     6 |     1 ||   361
       Fireball          |       |       |       |    13 |    19 |    52 |    33 |    25 ||   142
       Bolt of Magma     |       |       |       |    16 |   173 |   416 |   541 |   694 ||  1840
       Blink             |       |       |       |     4 |       |       |       |     6 ||    10
       Orb of Destructio |       |       |       |       |       |     2 |       |     2 ||     4
       Apportation       |       |       |       |       |       |       |       |     8 ||     8
       Fire Storm        |       |       |       |       |       |       |       |     8 ||     8
 Abil: Stop Flying       |       |       |       |       |       |       |     1 |     2 ||     3
       Evoke Flight      |       |       |       |       |       |       |       |     2 ||     2
Evoke: Wand              |       |       |     1 |     5 |     8 |     2 |       |     3 ||    19
  Use: Scroll            |    10 |     3 |     5 |     7 |     6 |     5 |     7 |     8 ||    51
       Potion            |       |       |       |     3 |       |     2 |     1 |     2 ||     8
 Stab: Sleeping          |       |       |     1 |     1 |       |       |       |       ||     2
       Paralysed         |       |       |     2 |       |       |       |       |       ||     2
  Eat: Chunk             |     3 |     7 |    22 |    26 |    39 |    20 |    28 |    22 ||   167
       Ration            |       |       |     1 |     1 |       |     5 |     1 |     4 ||    12
Armor: Robe              |    18 |     3 |    23 |    51 |       |       |       |     4 ||    99
       Leather armour    |       |       |       |     3 |       |       |       |       ||     3
       Ring mail         |       |       |       |       |   168 |   117 |    89 |    92 ||   466
Dodge: Dodged            |    43 |    10 |    50 |   264 |   289 |   181 |   152 |   198 ||  1187

Table legend:
 A = Non-vault XP
 B = Vault XP
 C = Vault XP percentage of total XP
 D = Non-vault monster count
 E = Vault monster count
 F = Vault count percentage of total count
                 A         B        C        D         E       F
            +---------+---------+-------+---------+---------+-------
      Total |  624323 |  492814 |  44.1 |    1378 |     770 |  35.8
            +---------+---------+-------+---------+---------+-------
        D:1 |      37 |       0 |   0.0 |      13 |       0 |   0.0
        D:2 |      51 |       0 |   0.0 |      15 |       0 |   0.0
        D:3 |     185 |       0 |   0.0 |      17 |       0 |   0.0
        D:4 |     422 |     351 |  45.4 |      20 |       3 |  13.0
        D:5 |     593 |       4 |   0.7 |      12 |       1 |   7.7
        D:6 |     541 |       0 |   0.0 |      13 |       0 |   0.0
        D:7 |    1323 |     151 |  10.2 |      18 |       2 |  10.0
        D:8 |    1315 |       0 |   0.0 |      20 |       0 |   0.0
        D:9 |    3129 |       0 |   0.0 |      30 |       0 |   0.0
       D:10 |    2143 |     804 |  27.3 |      14 |       1 |   6.7
       D:11 |    7062 |    3294 |  31.8 |      48 |      19 |  28.4
       D:12 |    4717 |    1159 |  19.7 |      21 |       8 |  27.6
       D:13 |    6478 |   11241 |  63.4 |      33 |      15 |  31.2
       D:14 |    4426 |       0 |   0.0 |      17 |       0 |   0.0
       D:15 |   12309 |    8555 |  41.0 |      35 |      11 |  23.9
     Lair:1 |    1896 |       0 |   0.0 |      11 |       0 |   0.0
     Lair:2 |    3459 |    3052 |  46.9 |      16 |       3 |  15.8
     Lair:3 |    5235 |    1460 |  21.8 |      20 |      41 |  67.2
     Lair:4 |    9168 |     817 |   8.2 |      43 |       5 |  10.4
     Lair:5 |    5647 |   11909 |  67.8 |      23 |      24 |  51.1
     Lair:6 |   17172 |   11278 |  39.6 |      56 |      29 |  34.1
   Shoals:1 |   15541 |    2142 |  12.1 |      34 |       1 |   2.9
   Shoals:2 |   15647 |    5809 |  27.1 |      28 |       5 |  15.2
   Shoals:3 |    7976 |       0 |   0.0 |      15 |       0 |   0.0
   Shoals:4 |    6761 |   23043 |  77.3 |      13 |      33 |  71.7
    Snake:1 |    9892 |       0 |   0.0 |      20 |       0 |   0.0
    Snake:2 |   22495 |       0 |   0.0 |      45 |       0 |   0.0
    Snake:3 |   24633 |       0 |   0.0 |      45 |       0 |   0.0
    Snake:4 |   21114 |   42200 |  66.7 |      41 |      51 |  55.4
      Orc:1 |    2397 |      11 |   0.5 |      18 |       5 |  21.7
      Orc:2 |    4178 |   18250 |  81.4 |      22 |      61 |  73.5
      Elf:1 |   13149 |    9621 |  42.3 |      24 |      14 |  36.8
      Elf:2 |   16884 |   23995 |  58.7 |      30 |      39 |  56.5
      Elf:3 |   21692 |   68545 |  76.0 |      30 |      51 |  63.0
   Vaults:1 |   58039 |   21941 |  27.4 |      93 |      23 |  19.8
   Vaults:2 |   38885 |   31050 |  44.4 |      64 |      36 |  36.0
   Vaults:3 |   56877 |   31717 |  35.8 |      72 |      34 |  32.1
   Vaults:4 |   49097 |   24741 |  33.5 |      65 |      42 |  39.3
    Crypt:1 |   34020 |    2743 |   7.5 |      56 |       1 |   1.8
    Crypt:2 |   46733 |    4650 |   9.0 |      61 |       5 |   7.6
    Crypt:3 |       0 |   82859 | 100.0 |       0 |     124 | 100.0
   Depths:1 |   20501 |    7180 |  25.9 |      30 |      17 |  36.2
   Depths:2 |    7220 |    3884 |  35.0 |      12 |       5 |  29.4
   Depths:3 |   26685 |   19631 |  42.4 |      32 |      21 |  39.6
     Bailey |       0 |    1065 | 100.0 |       0 |      10 | 100.0
      IceCv |       0 |    2710 | 100.0 |       0 |      10 | 100.0
    Volcano |       0 |    5710 | 100.0 |       0 |      15 | 100.0
     WizLab |   16599 |    5242 |  24.0 |      33 |       5 |  13.2
            +---------+---------+-------+---------+---------+-------

Table legend:
 A = Turns spent in this place as a percentage of turns spent in the entire game.
 B = Non-inter-level travel turns spent in this place as a percentage of non-inter-level travel turns spent in the entire game.
 C = Inter-level travel turns spent in this place as a percentage of turns spent in this place.
 D = Turns resting spent in this place as a percentage of non-inter-level travel turns spent in this place.
 E = Turns spent auto-exploring this place as a percentage of non-inter-level travel turns spent in this place.
 F = Non-inter-level travel turns spent in this place divided by the number of levels of this place that you've seen.
                   A       B       C       D       E      F
               +-------+-------+-------+-------+-------+----------------------
         Total | 100.0 | 100.0 |   5.9 |  36.3 |  28.7 | 1242.2
       Dungeon |  30.8 |  30.7 |   6.1 |  34.0 |  41.7 | 1270.1
        Temple |   0.1 |   0.1 |  23.8 |   0.0 |  96.7 |  61.0
          Lair |  14.5 |  14.4 |   6.6 |  31.6 |  29.0 | 1490.7
        Shoals |   5.1 |   5.2 |   3.7 |  23.7 |  34.5 | 813.5
     Snake Pit |  11.1 |  11.3 |   4.0 |  54.9 |  20.3 | 1761.2
  Orcish Mines |   5.1 |   4.9 |   9.0 |  40.7 |  13.0 | 1534.5
   Elven Halls |   6.3 |   6.2 |   7.2 |  24.1 |  24.7 | 1291.3
        Vaults |  14.0 |  13.7 |   7.4 |  37.1 |  20.8 | 2134.5
         Crypt |   6.9 |   7.1 |   3.6 |  44.6 |  19.0 | 1462.0
        Depths |   3.5 |   3.5 |   4.6 |  18.0 |  32.0 | 729.0
        Bazaar |   0.1 |   0.1 |   0.0 |   0.0 |   0.0 |  48.0
        Bailey |   0.0 |   0.0 |   0.0 |   6.5 |   0.0 |  31.0
      Ice Cave |   0.7 |   0.7 |   0.0 |  77.8 |   0.0 | 437.0
       Volcano |   0.9 |   1.0 |   0.0 |  47.9 |   3.7 | 593.0
        Wizlab |   0.9 |   0.9 |   0.0 |  42.5 |   0.0 | 590.0
               +-------+-------+-------+-------+-------+----------------------

Vault maps used:
D:1:      giann_forest_graveyard
D:2:      first_ration, palyth_stone_intersect, minmay_crystal_water
D:3:      old_standard_altar
D:4:      st_stairs_5, uniq_eustachio, uniq_crazy_yiuf_cottage
D:5:      grunt_temple_overflow_order_and_chaos_1, kennysheep_slug_shrine
D:6:      nicolae_overflow_crystal_walls, minmay_temple_entry_trees,
          nicolae_qazlal_general_emergency
D:7:      minmay_the_grid_triangle_9x9_rhombus_full
D:8:      fedhas_altar_fruit_tree
D:9:      grunt_temple_overflow_forces_of_nature, lemuel_crystal_altar,
          serial_shops, nicolae_shop_trees
D:10:     enter_bailey_2, uniq_nergalle
D:11:     due_lair_maze_entry_diamond, serial_shops, shop, the_bakery,
          kennysheep_small_circle, uniq_josephine
D:12:     david_orc_3, roderic_roman_lattice, uniq_snorg
D:13:     nrook_guardian_serpent_snake_passage,
          lightli_vaults_fourway_checkpoint, serial_aquarium,
          aquarium_bridge_square, aquarium_window_3, aquarium_window_fake,
          aquarium_window_1, aquarium_window_1, aquarium_view_4, nrook_uturn,
          nicolae_twisting_strands, uniq_rupert
D:15:     grunt_enter_depths_magical_seal, nicolae_gozag_seed_capital
Temple:   zaba_magenta_temple
Lair:1:   serial_bayou_shore_a
Lair:2:   minmay_shoals_entry_beasts, uniq_gastronok
Lair:3:   lemuel_ratsnest, st_stairs_7, grunt_megastairs_4,
          infiniplex_staircase_pool, lemuel_fruit_tree
Lair:4:   minmay_snake_entry_guardpost_large, basic_altar
Lair:5:   mu_elephants_graveyard, gammafunk_ghost_split
Lair:6:   gammafunk_lair_ancient_temple, dpeg_slime_entry_enclosed_altar,
          portal_ice_cave_entry_pillars_2, serial_bayou_lagoon_a, uniq_urug
Shoals:1: uniq_kirke
Shoals:2: uniq_polyphemus
Shoals:3: serial_shops, shop
Shoals:4: shoals_end_simple
Snake:1:  basic_altar
Snake:4:  minmay_snake_end_coiled, basic_altar, minmay_shoptagon, uniq_roxanne,
          uniq_louise, uniq_nikola, uniq_vashnia
Orc:1:    mines_bat_river
Orc:2:    pf_orc_diabolical, enter_volcano_3
Elf:1:    eino_elf_arrival_sip, basic_altar, ebering_ghost_disaster_area,
          minmay_elf_demonology, minmay_crystal_room, minmay_misc_feat_columns,
          basic_loot_grate_trap
Elf:2:    einodemon_barbed_minivault
Elf:3:    minmay_elf_hall_dome, ploomutoo_gammafunk_ghost_potion_laboratory
Vaults:1: ebering_vaults_ghost_inner_flame, nicolae_vaults_triangles, v_misc_29,
          vaults_room_semicircle, ontoclasm_vaults_chip,
          nicolae_vaults_little_squares_2, hangedman_vaults_river_flow,
          vaults_room_pools, dpeg_vaults_monster_box,
          nicolae_vaults_diagonal_hallway_7, v_misc_8,
          grunt_vaults_hallway_short, vaults_room_fours, serial_shops, shop
Vaults:2: vaults_dpeg_diagonal, nicolae_vaults_big_angled_halls,
          nicolae_vaults_ring_of_whatevers, hangedman_vaults_trim,
          nicolae_vaults_network_square, nicolae_vaults_quartermaster,
          nicolae_vaults_ninety_degrees, hangedman_vaults_capsules,
          vaults_mumra_hex, serial_shops, bzr_entry_dummy
Vaults:3: ebering_vaults_ghost_xom, nicolae_vaults_network_periphery,
          nicolae_vaults_angled_halls, v_alt_pattern_6, v_misc_31,
          ontoclasm_vaults_twist, minmay_crypt_entry_simple_round,
          vaults_dpeg_cross, v_misc_29, ontoclasm_vaults_idyll,
          ontoclasm_vaults_eye, v_misc_30, uniq_xtahua
Vaults:4: v_misc_2, hangedman_vaults_impose, nicolae_vaults_network_quinsquares,
          v_misc_30, nicolae_vaults_three_branches, vaults_mumra_hexcomb,
          vaults_standard_mumra_enter_the_diamond, v_misc_23,
          grunt_vaults_hallway_short
Crypt:1:  gammafunk_ghost_grave
Crypt:2:  minmay_misc_feat_alley, minigarden_bobbens
Crypt:3:  grunt_crypt_end_deaths_head
Depths:1: serial_shops, shop, shop, hangedman_decor_opposing,
          pf_hell_entry_tar_spiral, mu_enter_wizlab_4, minmay_room_of_horrors,
          grunt_ministairs_7, minmay_misc_feat_room, glass_columns_a,
          evilmike_butchery
Depths:2: lemuel_flame_loot_2, serial_shops, shop_fountains, shop,
          rand_demon_pan_entry_4, hell_entry, minmay_gold_behind_fungi
Depths:3: box_level_dp, pan_entry, hell_entry
Bazaar:   bazaar_minmay_generic_box
Bailey:   bailey_polearm_4, bailey
IceCv:    ice_cave_statue_garden_transporter
Volcano:  volcano_lake
WizLab:   wizlab_zonguldrok
